 Dungeon Crawl Stone Soup version 0.29.1-4-g47bece8355 (webtiles) character file.

Game seed: 17585227078995931168

14 hawla the Chiller (level 2, 0/20 HPs)
             Began as a Meteoran Ice Elementalist on Dec 6, 2022.
             Succumbed to an adder's poison
             ... on level 4 of the Dungeon.
             The game lasted 00:02:18 (275 turns).

hawla the Chiller (Meteoran Ice Elementalist)        Turns: 275, Time: 00:02:19

Health: 0/20       AC:  2    Str:  9    XL:     2   Next: 82%
Magic:  4/6        EV: 12    Int: 16    God:
Gold:   32         SH:  0    Dex: 14    Spells: 5/6 levels left

rFire   . . .      SeeInvis .   f - +0 long sword
rCold   . . .      Faith    .   (no shield)
rNeg    . . .      Spirit   .   a - +0 robe
rPois   .          Reflect  .   (no helmet)
rElec   .          Harm     .   (no cloak)
rCorr   .          Rampage  .   (no gloves)
Will    .....                   (no boots)
Stlth   +.........              (no amulet)
HPRegen 0.06/turn               (no ring)
MPRegen 0.10/turn               (no ring)

@: confused, brilliant, lethally poisoned (0 -> -5), glowing
A: sense surroundings 1, otherworldly, glowing, explore regen
a: no special abilities


You were on level 4 of the Dungeon.
You visited 1 branch of the dungeon, and saw 4 of its levels.

You collected 32 gold pieces.

Inventory:

Hand Weapons
 f - a +0 long sword (weapon)
Armour
 a - a +0 robe (worn)
Scrolls
 c - a scroll of summoning {unknown}
 e - a scroll of poison
Potions
 b - a potion of magic
 d - a potion of brilliance


   Skills:
 + Level 2.5 Dodging
 - Level 1.4 Stealth
 + Level 2.8 Spellcasting
 + Level 5.0 Ice Magic


You had 5 spell levels left.
You knew the following spells:

 Your Spells              Type           Power      Damage    Failure   Level
a - Freeze                Ice            100%       1d11      2%          1

Your spell library contained the following spells:

 Spells                   Type           Power      Damage    Failure   Level
 Frozen Ramparts          Ice            54%        1d9       8%          3
 Ozocubu's Armour         Ice            27%        N/A       8%          3
 Call Canine Familiar     Summ           3%         N/A       50%         3
 Portal Projectile        Hex/Tloc       6%         N/A       50%         3
 Hailstorm                Conj/Ice       15%        3d5       56%         4
 Leda's Liquefaction      Hex/Erth       1%         N/A       88%         4


Dungeon Overview and Level Annotations

Branches:
Dungeon (4/15) Zot: 2124
 Temple: D:4-7

Altars:

Shops:
D:1 =


Innate Abilities, Weirdness & Mutations

You passively map a small area around you.
You are easily found by Zot.
You glow in the dark.
You regain HP and MP as you explore.


Message History

Aiming: Freeze (safe; 2% risk of failure)
Press: ? - help, Shift-Dir - straight line, f - orc wizard
Aim: an orc wizard, wielding a +0 dagger and wearing a +0 robe You freeze the orc wizard.
The orc wizard is moderately wounded.
The orc shouts!
The orc wizard hits you with a +0 dagger.
Casting: Freeze (safe; 2% risk of failure)
Confirm with . or Enter, or press ? or * to list all spells.
Aiming: Freeze (safe; 2% risk of failure)
Press: ? - help, Shift-Dir - straight line, f - orc priest, p - orc wizard
Aim: an orc priest, wielding a +0 short sword You freeze the orc priest!
The orc priest is severely wounded.
The orc hits you with a +0 whip.
The orc priest hits you with a +0 short sword.
The orc wizard casts a spell at you.
You are confused.
You're too confused to cast spells.
Sorry, you're not good enough to have a special ability.
You're too confused to cast spells.
Sorry, you're not good enough to have a special ability.
You feel clever all of a sudden. The adder bites you.
You are poisoned.
The adder poisons you! The orc barely misses you.
The orc priest hits you with a +0 short sword.
The orc wizard hits you with a +0 dagger.
* * * LOW HITPOINT WARNING * * *
You're too confused to cast spells.
Sorry, you're not good enough to have a special ability.
You are too confused!
The orc attacks as you move away! The orc hits you with a +0 hand axe.
* * * LOW HITPOINT WARNING * * *
The adder attacks as you move away! The adder closely misses you.
* * * LOW HITPOINT WARNING * * *
You feel sick.
You slash the orc!
You kill the orc!
You die...

#.............. ,
#.............. ,
, #..(...........
, #...$..........
#....?.........
###..............
.......o.?.......
.....o.)S........
,
.......o@........
......go.........,
,
...#.............
.. #.............
, .
...#...........
....##..........
...# ##.........
.. ......... , *


You could see an orc priest, an orc wizard, an adder, 2 orcs and a goblin.

Vanquished Creatures
  A dart slug (D:1)
  An orc (D:4)
  2 endoplasms
  A giant cockroach (D:3)
  3 hobgoblins (D:1)
  2 kobolds (D:2)
  A bat (D:1)
11 creatures vanquished.

Notes
Turn   | Place    | Note
-------+----------+-------------------------------------------
     0 | D:1      | hawla the Meteoran Ice Elementalist began the quest for the
                  | Orb.
     0 | D:1      | Reached XP level 1. HP: 14/14 MP: 5/5
    28 | D:1      | Reached XP level 2. HP: 18/20 MP: 1/6
    52 | D:1      | Found Ceshijuk's Jewellery Shop.
   154 | D:3      | Reached skill level 5 in Ice Magic
   274 | D:4      | HP: 1/20 [orc/+0 hand axe (5)]
   275 | D:4      | Succumbed to an adder's poison

Illustrated notes

Levels and vault maps discovered:
D:1:      eino_arrival_water_star, layout_loops_cross, serial_shops, shop,
          minmay_pentomino_t4
D:2:      layout_basic, basic_altar, shapermc_ecumenical_altar_petra
D:3:      layout_loops_corners, uniq_terence
D:4:      layout_basic, nicolae_gozag_cash_rules_everything_around_me

Skill      XL: |  1  2 |
---------------+-------+-----
Ice Magic      | 5 |  5.0
Dodging        | |  2.5
Stealth        | |  1.4
Spellcasting   | |  2.8

Action                   || total
-------------------------++-------
Melee: Long sword        ||     3
 Cast: Freeze            ||    14
  Use: Scroll            ||     2
       Potion            ||     1
Armor: Robe              ||     2
Dodge: Dodged            ||     8
